 Dungeon Sprint DCSS version 0.31-a0-662-g684573625c (webtiles) character file.

Game seed: 14236770177083228351

297 dialectric the Unseen (level 6, -8/32 HPs)
             Began as a Spriggan Brigand on Aug 31, 2023.
             Mangled by Menkaure (20 damage)
             ... in the Dungeon (Sprint II: "The Violet Keep of Menkaure").
             The game lasted 00:00:43 (78 turns).

dialectric the Unseen (Spriggan Brigand)              Turns: 78, Time: 00:00:43

Health: -8/32      AC:  3    Str:  7    XL:     6   Next: 12%
Magic:  7/7        EV: 18    Int: 13    God:
Gold:   243        SH:  0    Dex: 18    Spells: 5/5 levels left

rFire   . . .        a - +2 dagger
rCold   . . .        (no shield)
rNeg    . . .        b - +0 robe
rPois   .            (helmet restricted)
rElec   .            c - +0 cloak
rCorr   .            (gloves unavailable)
SInv    +            (boots unavailable)
Will    +....        (no amulet)
Stlth   ++++++       (no ring)
HPRegen 0.25/turn    (no ring)
MPRegen 0.10/turn

%: no teleportation
@: on berserk cooldown, slowed, quick
A: very small, no large weapons, unfitting armour, see invisible, speed 3
a: no special abilities


You were in the Dungeon.
You visited 1 branch You collected 243 gold pieces.

Inventory:

Hand Weapons
 a - a +2 dagger (weapon)
Missiles
 d - 9 poisoned darts
 e - 3 curare-tipped darts (quivered)
Armour
 b - a +0 robe (worn)
 c - a +0 cloak (worn)
Scrolls
 k - a scroll of blinking
Potions
 h - a potion of haste
 i - 2 potions of magic


   Skills:
 + Level 3.5 Fighting
 + Level 5.4 Short Blades
 - Level 5.1 Throwing
 + Level 3.0 Dodging
 + Level 16.2 Stealth


You had 5 spell levels left.
You didn't know any spells.
Your spell library was empty.

Dungeon Overview and Level Annotations

Branches:
Dungeon (1/1)

Altars:

Shops:
D [=[(!!(?(=

Annotations:
D Menkaure, Roxanne


Innate Abilities, Weirdness & Mutations

You are very small and have problems with some larger weapons.
You are too small for most types of armour.
You have supernaturally acute eyesight. (SInv)
You cover ground extremely quickly. (Speed+++)


Message History

You hit Menkaure but do no damage. Menkaure barely misses you.
You hit Menkaure.
Menkaure is lightly damaged.
Menkaure misses you.
You hit Menkaure.
Menkaure is moderately damaged.
Menkaure completely misses you.
You hit Menkaure.
Menkaure is moderately damaged.
Menkaure misses you. Menkaure barely misses you.
You barely miss Menkaure.
Menkaure is moderately damaged.
Menkaure calls on the powers of darkness!
Your body is wracked with pain!
You hit Menkaure.
Menkaure is heavily damaged.
Menkaure misses you.
You hit Menkaure but do no damage.
Menkaure is heavily damaged.
Menkaure whispers, "From dust you came, to dust you will return."
Menkaure barely misses you.
You hit Menkaure.
Menkaure is severely damaged.
Menkaure grins.
Menkaure misses you. Menkaure completely misses you.
You hit Menkaure.
Menkaure is almost destroyed.
Menkaure calls on the powers of darkness!
Your body is wracked with pain!
You barely miss Menkaure.
Menkaure is almost destroyed.
Menkaure calls on the powers of darkness!
Your body is wracked with pain!
* * * LOW HITPOINT WARNING * * *
Menkaure calls on the powers of darkness!
Your body is wracked with pain!
* * * LOW HITPOINT WARNING * * *
You feel better. Menkaure hits you!!
Ouch! That really hurt!
You die...

+#### ..§§.~~##
~.§~§~.## ~§8§~§~§#
§~§.§§ # §.~~
########~~#+++#+++##
#######~~~..@......#
......#~~~~M##'##..#
.....∩#~~~~##$#.##
∩...∩.#~~~~#.###.#
...∩.∩#~~####.#.##
∩.∩.∩.#~##.###†##
.∩.∩..#~#.####.##
..⌠...+~†##.'.<.+
......#~#...##.##


You could see Menkaure (fast).

Vanquished Creatures
  2 wyverns (D)
  3 worms (D)
5 creatures vanquished.

Notes
Turn   | Place    | Note
-------+----------+-------------------------------------------
     0 | D        | dialectric the Spriggan Brigand began the quest for the
                  | Orb.
     0 | D        | Reached XP level 1. HP: 10/10 MP: 2/2
     5 | D        | Reached skill level 7 in Stealth
    17 | D        | Found Mazoity's Magic Scroll Shop.
    17 | D        | Found Tesauvesh's Weapon Boutique.
    17 | D        | Found Hyhyaji's Jewellery Shop.
    17 | D        | Found Piexifrewy's Distillery.
    17 | D        | Found Amepteas's Antique Weapon Boutique.
    17 | D        | Found Kafuts's Antique Weapon Boutique.
    18 | D        | Found Nutom's Distillery.
    18 | D        | Found Suoziej's Antique Armour Boutique.
    26 | D        | Reached skill level 8 in Stealth
    26 | D        | Reached XP level 2. HP: 11/15 MP: 3/3
    28 | D        | Found Ypnuriav's Jewellery Shop.
    28 | D        | Found Hyptuynt's Antique Armour Boutique.
    28 | D        | Noticed Menkaure
    41 | D        | Noticed a wyvern
    41 | D        | Noticed a wyvern
    49 | D        | Killed a wyvern
    50 | D        | Reached skill level 13 in Stealth
    50 | D        | Reached XP level 3. HP: 19/19 MP: 4/4
    50 | D        | Reached XP level 4. HP: 23/23 MP: 5/5
    50 | D        | Reached XP level 5. HP: 28/28 MP: 6/6
    54 | D        | Killed a wyvern
    55 | D        | Reached skill level 5 in Short Blades
    55 | D        | Reached skill level 5 in Throwing
    55 | D        | Reached skill level 16 in Stealth
    55 | D        | Reached XP level 6. HP: 32/32 MP: 7/7
    64 | D        | Noticed Roxanne
    78 | D        | Mangled by Menkaure

Illustrated notes

Levels and vault maps discovered:
D:        the_violet_keep_of_menkaure [sprint2_stairs_cluster_1,
          sprint2_shoproom, sprint2_temple, sprint2_basic_supplies,
          sprint2_obstacle_7, sprint2_obstacle_1, sprint2_obstacle_6,
          sprint2_obstacle_3, sprint2_obstacle_2, sprint2_timed_cluster_1,
          sprint2_smallroom_cluster_1, sprint2_smallroom_final_cluster_1,
          sprint2_transparent_cluster_1, sprint2_second_timed_cluster_1,
          sprint2_sniper_area_1, sprint2_heavy_combat_area_1,
          sprint2_mutation_trap_area_1, sprint2_forest_area_1,
          sprint2_light_combat_area_1, sprint2_behind_water_1,
          sprint2_near_end_vault_1]

Skill      XL: |  1  2  3  4  5 |
---------------+----------------+-----
Stealth        | 8 13 16 | 16.2
Fighting       | 2 3 |  3.5
Short Blades   | 4 5 |  5.4
Throwing       | 4 5 |  5.1
Dodging        | 2 3 |  3.0

Action                     |  1- 3 |  4- 6 || total
---------------------------+-------+-------++-------
  Melee: Dagger            |    12 |    15 ||    27
         Punch             |     1 |       ||     1
  Throw: Dart              |     6 |       ||     6
    Use: Potion            |     2 |     1 ||     3
   Stab: Sleeping          |     1 |       ||     1
 Armour: Robe              |     2 |     1 ||     3
  Dodge: Dodged            |     9 |    12 ||    21

Table legend: (Time is in decaauts)
 A = Elapsed time spent in this place.
 B = Non-inter-level travel time spent in this place.
 C = Inter-level travel time spent in this place.
 D = Time resting spent in this place.
 E = Time spent auto-exploring this place.
 F = Levels seen in this place.
 G = Mean time per level.
                   A        B        C        D        E       F      G
               +--------+--------+--------+--------+--------+-----+--------+
         Total |     62 |     62 |      0 |      0 |      0 |   1 |   62.0 |
       Dungeon |     62 |     62 |      0 |      0 |      0 |   1 |   62.0 |
               +--------+--------+--------+--------+--------+-----+--------+

Top non-repeatable levels by time:
       D: 62 daAuts
